 Dungeon Crawl Stone Soup version 0.30-a0-162-g2ba88f6271 (webtiles) character file.

Game seed: 14739352312986837588

188049 Essalna the Warrior (level 18, -12/149 HPs)
             Began as a Djinni Conjurer on Sept 27, 2022.
             Was the Champion of Makhleb.
             Mangled by Doegie's ghost (35 damage)
             ... on level 4 of the Swamp on Sept 28, 2022.
             The game lasted 01:21:41 (42646 turns).

Essalna the Warrior (Djinni Conjurer)              Turns: 42646, Time: 01:21:41

Health: -12/149    AC:  9    Str:  6    XL:     18   Next: 73%
Gold:   3126       EV: 19    Int: 28    God:    Makhleb [******] SH:  3 Dex: 12

rFire   + + .      SeeInvis +    P - staff of conjuration
rCold   x . .      Faith    .    O - +0 buckler
rNeg    . . .      Spirit   .    W - +2 robe {Archmagi}
rPois   ∞          Reflect  .    (no helmet)
rElec   .          Harm     .    b - +0 cloak
rCorr   .          Rampage  .    a - +1 pair of gloves
Will    +....      Archmagi +    (boots unavailable)
Stlth   ++........               (no amulet)
HPRegen 0.34/turn                t - +4 ring of evasion
MPRegen 0.00/turn                Q - ring of see invisible

@: flying, studying Armour
A: sickness immunity, fire resistance 2, cold vulnerability 1, float, innate
caster, HP casting, extra vitality 1
}: 1/15 runes: decaying
a: Renounce Religion, Minor Destruction, Lesser Servant of Makhleb, Major
Destruction, Greater Servant of Makhleb


You were on level 4 of the Swamp.
You worshipped Makhleb.
Makhleb was exalted by your worship.
You visited 5 branches of the dungeon, and saw 27 of its levels.
You also visited: Ice Cave.

You collected 3126 gold pieces.

Inventory:

Armour
 a - a +1 pair of gloves (worn)
 b - a +0 cloak (worn)
 J - a +2 buckler
 O - a +0 buckler (worn)
 V - a +2 robe of willpower
 W - a +2 robe of the Archmagi (worn)
 X - a +2 kite shield of protection
Magical Staves
 u - a staff of fire
 y - a staff of air
 P - a staff of conjuration (weapon)
Jewellery
 e - a ring of resist corrosion
 t - a +4 ring of evasion (left hand)
 x - a ring of protection from cold
 N - a ring of willpower
 Q - a ring of see invisible (right hand)
 Y - a ring of wizardry
 Z - a ring of willpower
Wands
 F - a wand of quicksilver (41)
 H - a wand of mindburst (13)
 T - a wand of iceblast (16)
Scrolls
 c - 8 scrolls of immolation
 k - 6 scrolls of fear
 n - 13 scrolls of identify
 o - a scroll of silence {unknown}
 p - 3 scrolls of noise
 r - 7 scrolls of enchant weapon
 w - 6 scrolls of magic mapping
 z - a scroll of brand weapon {unknown}
 A - a scroll of torment {unknown}
 D - 11 scrolls of teleportation
 E - 6 scrolls of poison {unknown}
 G - 2 scrolls of enchant armour {unknown}
 K - 4 scrolls of amnesia {unknown}
 M - 4 scrolls of blinking {unknown}
 S - 4 scrolls of butterflies
Potions
 d - 3 potions of haste
 f - 4 potions of heal wounds
 g - 2 potions of attraction
 h - 4 potions of brilliance
 i - 6 potions of degeneration
 j - a potion of berserk rage
 l - 4 potions of might
 m - 10 potions of curing
 q - 5 potions of lignification
 s - 2 potions of resistance
 v - 5 potions of mutation
 B - 3 potions of cancellation
 C - 4 potions of ambrosia
 I - 3 potions of invisibility
 R - a potion of magic {unknown}


   Skills:
 + Level 19.9 Fighting
 - Level 12.5 Armour
 - Level 10.0 Dodging
 - Level 4.0 Stealth
 + Level 16.8 Spellcasting


You had 4 spell levels left.
You knew the following spells:

 Your Spells              Type           Power      Damage    Failure   Level
a - Magic Dart            Conj           100%       1d8       0%          1
b - Searing Ray           Conj           100%       2d8       0%          2
c - Dazzling Flash        Conj/Hex       100%       N/A       0%          3
d - Fulminant Prism       Conj/Hex       66%        3d28      1%          4
e - Iskenderun's Mystic   Conj/Tloc      100%       2d19      1%          4
f - Freeze                Ice            100%       1d11      0%          1
g - Blink                 Tloc           100%       N/A       0%          2
h - Summon Guardian Gole  Hex/Summ       100%       N/A       0%          3
i - Passage of Golubria   Tloc           100%       N/A       1%          4
j - Animate Armour        Summ/Erth      100%       N/A       1%          4
k - Lee's Rapid Deconstr  Erth           54%        3d26*     1%          5
l - Conjure Ball Lightni  Conj/Air       66%        3x3d25    1%          6
m - Orb of Destruction    Conj           66%        9d16      2%          7
Your spell library was empty.

Dungeon Overview and Level Annotations

Branches:
Dungeon (15/15)            Temple (1/1) D:5            Lair (5/5) D:11
  Swamp (4/4) Lair:2        Snake (0/4) Lair:2        Slime (0/5) Lair:4
    Orc (2/2) D:11            Elf (0/3) Orc:2        Vaults (0/5) D:14
 Depths (0/4) D:15          IceCv (visited)

Altars:
Cheibriados
Dithmenos
Makhleb
Nemelex Xobeh
Qazlal
Wu Jian
Yredelemnul
Zin
The Shining One
Jiyva

Shops:
D:10 =   Orc:2 ==(:?

Annotations:
D:3 3 runed translucent doors, LetschGu's ghost, amateur TrWn; onwiheg's ghost, amateur FoFi
D:10 2 transporters
Swamp:4 Doegie's ghost, adept TrMo


Innate Abilities, Weirdness & Mutations

You are immune to sickness and miasma.
You are immune to poison.
Your flesh is very heat resistant. (rF++)
You are vulnerable to cold. (rC-)
You float through the air rather than walking.
You learn spells naturally, not from books.
Your magical power is your life essence.
You have superior vitality. (+4 MHP)


Message History

The mystic blast hits Badeiliu's ghost but does no damage.
Badeiliu's ghost is almost destroyed.
* * * LOW HITPOINT WARNING * * *
Casting: Iskenderun's Mystic Blast (safe; 1% risk of failure)
Confirm with . or Enter, or press ? or * to list all spells.
You feel a strong surge of power!
You erupt in a blast of force!
The mystic blast hits Badeiliu's ghost!
Badeiliu's ghost is almost destroyed.
Badeiliu's ghost is knocked back by the mystic blast.
* * * LOW HITPOINT WARNING * * *
Casting: Iskenderun's Mystic Blast (safe; 1% risk of failure)
Confirm with . or Enter, or press ? or * to list all spells.
You feel a strong surge of power!
You erupt in a blast of force!
The mystic blast hits Badeiliu's ghost!!
You destroy Badeiliu's ghost!
Makhleb accepts your kill.
You feel better.
The mystic blast hits Doegie's ghost!
Doegie's ghost is severely damaged.
Doegie's ghost is knocked back by the mystic blast.
* * * LOW HITPOINT WARNING * * *
You feel much better.
Casting: Iskenderun's Mystic Blast (safe; 1% risk of failure)
Confirm with . or Enter, or press ? or * to list all spells.
You feel a strong surge of power!
You erupt in a blast of force!
The mystic blast hits Doegie's ghost but does no damage.
Doegie's ghost is severely damaged.
Doegie's ghost hits you!!!
* * * LOW HITPOINT WARNING * * *
Casting: Iskenderun's Mystic Blast (safe; 1% risk of failure)
Confirm with . or Enter, or press ? or * to list all spells.
You don't have enough health to cast this spell.
You feel much better. Doegie's ghost completely misses you.
Casting: Iskenderun's Mystic Blast (safe; 1% risk of failure)
Confirm with . or Enter, or press ? or * to list all spells.
You feel a strong surge of power!
You erupt in a blast of force!
The mystic blast hits Doegie's ghost but does no damage.
Doegie's ghost is severely damaged.
* * * LOW HITPOINT WARNING * * *
Doegie's ghost hits you!!
You die...

.~...♣ ♣.~~~♣♣♣♣♣♣
♣~...~♣.♣.♣♣♣ ♣♣$..♣~.~~.~♣♣
. ♣♣♣♣♣ ♣~§~♣.♣..~..~♣♣♣ .~
♣♣~.~♣♣ ♣......~~~♣.~..♣~.
..~~~~♣ ♣♣♣......~♣♣..~.~♣.♣
..~~^~♣ ♣........♣~♣.....~~~
§♣♣♣♣♣♣ ♣...@.......~.♣♣..~.
§♣ ###''W####~~.~~.~~~~ ~♣
♣.......♣#~.......~~ ♣♣
#⌠.......⌠#..~~~~♣♣~.
#♣......!♣#~...~..♣♣ .
#........[#......~.♣
♣~.##8.....8##...~.♣.~♣
♣♣..♣~♣.##!$8[?##.~..~~.~.~.
.♣♣♣...
.....#######.~~~....~...


You could see Doegie's ghost.

Vanquished Creatures
  the Lernaean hydra (Swamp:4)
  2 thorn hunters (Swamp:4)
  The ghost of Badeiliu the Brawler, an adept DrGl of Dithmenos (Swamp:4)
  Roxanne (D:14)
  The ghost of Gydif the Fencer, an adept DsGl of Makhleb (Swamp:4)
  An orc warlord (Orc:2)
  A reaper (IceCv)
  A stone giant (D:15)
  2 eleionomae
  4 bunyips
  A fire dragon (Lair:5)
  A great orb of eyes (D:13)
  3 shambling mangroves
  6 centaur warriors
  A spriggan air mage (Swamp:3)
  17 hydras
  A ghost crab (Swamp:2)
  6 two-headed ogres
  3 ogre magi
  5 boulder beetles
  18 alligators
  4 death yaks (Lair:5)
  4 tengu warriors
  An orc high priest (Orc:1)
  Urug (D:11)
  Sonja (Lair:5)
  Nergalle (Orc:2)
  A skeletal warrior (D:13)
  7 goliath frogs
  7 bog bodies
  2 lindwurms (Lair:5)
  17 swamp dragons
  4 spriggan druids
  A swamp dragon (shapeshifter) (D:13)
  5 deep elf pyromancers
  8 orc sorcerers
  3 orc knights (Orc:2)
  7 manticores
  A wolf spider (Lair:5)
  16 ugly things
  A moth of wrath (Swamp:4)
  2 will-o-the-wisps
  5 oklob plants
  8 cyclopes
  11 black mambas
  Maurice (Orc:1)
  2 ice statues (IceCv)
  A guardian serpent (Lair:5)
  5 torpor snails (Lair:5)
  4 rime drakes
  12 cane toads
  2 gargoyles
  An unseen horror (D:12)
  Maggie (Lair:2)
  2 anaconda simulacra (IceCv)
  3 kobold demonologists
  8 ice devils (IceCv)
  11 komodo dragons
  A tengu conjurer (D:13)
  2 freezing wraiths
  8 trolls
  2 polar bears
  A bloated husk (Swamp:4)
  3 meliai (D:13)
  14 tyrant leeches
  20 hornets
  10 slime creatures
  10 blink frogs
  3 wraiths (D:11)
  13 spriggans
  11 wyverns
  A steam dragon (D:8)
  31 yaks
  4 basilisks
  2 redbacks (Lair:5)
  A fire elemental (D:12)
  8 vampire mosquitoes
  5 wargs
  Menkaure (D:4)
  13 swamp worms
  3 harpy simulacra (IceCv)
  4 acid dragons
  5 hydra simulacra (IceCv)
  32 water moccasins
  25 orc warriors
  7 ogres
  6 swamp drakes
  2 ice beasts
  6 wolves (Lair:1)
  4 centaurs
  3 kobold brigands
  A necrophage (D:6)
  11 bullfrogs
  An earth elemental (D:12)
  5 wights (D:8)
  14 killer bees
  3 electric eels (D:10)
  6 howler monkeys
  3 jellies
  2 gnoll boudas
  10 orc priests
  3 hounds
  7 hell rats (Lair:4)
  3 iguanas
  36 orc wizards
  A spriggan simulacrum (IceCv)
  A wolf simulacrum (IceCv)
  A boggart simulacrum (D:14)
  Robin (D:4)
  10 gnolls
  6 adders
  2 shadow imps
  A white imp (IceCv)
  5 ufetubi
  A dart slug (D:4)
  81 orcs
  10 ball pythons
  6 endoplasms
  5 giant cockroaches
  12 goblins
  16 hobgoblins
  10 jackals
  17 kobolds
  A quokka (D:4)
  10 bats
  3 frilled lizards
  4 rats
  9 fulminant prisms
827 creatures vanquished.

Vanquished Creatures (collateral kills)
  A gnoll (D:10)
  4 ball lightnings
5 creatures vanquished.

Vanquished Creatures (others)
  An oklob plant (Lair:1)
  A black mamba (Lair:1)
  2 bloated husks (Swamp:1)
  A water elemental (D:12)
  An air elemental (D:12)
  A gnoll (D:4)
  An orc (D:10)
  44 ball lightnings
  4 foxfires (Swamp:1)
  26 fulminant prisms
  48 fungi
  117 plants
  3 withered plants (D:3)
250 creatures vanquished.

Grand Total: 1082 creatures vanquished

Notes
Turn   | Place    | Note
-------+----------+-------------------------------------------
     0 | D:1      | Essalna the Djinni Conjurer began the quest for the Orb.
     0 | D:1      | Essalna set off with the following spells memorised: Magic
                  | Dart, Searing Ray, Dazzling Flash, Fulminant Prism,
                  | Iskenderun's Mystic Blast.
     0 | D:1      | Reached XP level 1. HP: 15/15 MP: 0/0
   317 | D:1      | Reached skill level 1 in Fighting
   317 | D:1      | Reached XP level 2. HP: 19/22 MP: 0/0
   405 | D:1      | Reached XP level 3. HP: 18/27 MP: 0/0
   405 | D:1      | Learned a level 1 spell: Freeze
  1159 | D:1      | Reached skill level 2 in Fighting
  1616 | D:2      | Found a faded altar of an unknown god.
  1637 | D:2      | Reached XP level 4. HP: 29/33 MP: 0/0
  3003 | D:3      | Reached XP level 5. HP: 38/39 MP: 0/0
  3003 | D:3      | Learned a level 2 spell: Blink
  3239 | D:3      | Reached skill level 3 in Fighting
  3539 | D:3      | Found a runed translucent gate.
  3539 | D:3      | Found a runed translucent gate.
  3539 | D:3      | Found a runed translucent gate.
  3543 | D:3      | Noticed onwiheg's ghost (amateur FoFi)
  3543 | D:3      | Noticed LetschGu's ghost (amateur TrWn)
  3702 | D:4      | Noticed Menkaure
  3767 | D:4      | Found a glowing silver altar of Zin.
  3846 | D:4      | Noticed Robin
  3892 | D:4      | Killed Robin
  4396 | D:4      | Reached XP level 6. HP: 39/46 MP: 0/0
  4521 | D:4      | Killed Menkaure
  4522 | D:4      | Reached skill level 4 in Fighting
  4798 | D:4      | Reached XP level 7. HP: 29/53 MP: 0/0
  4798 | D:4      | Learned a level 3 spell: Summon Guardian Golem
  5116 | D:4      | Reached skill level 5 in Spellcasting
  5663 | D:5      | Entered Level 5 of the Dungeon
  5687 | D:5      | Found a basalt altar of Yredelemnul.
  5691 | D:5      | Noticed a water moccasin
  5705 | D:5      | Killed a water moccasin
  5706 | D:5      | Reached skill level 5 in Fighting
  6472 | D:5      | Found a staircase to the Ecumenical Temple.
  6538 | Temple   | Entered the Ecumenical Temple
  6621 | Temple   | Became a worshipper of Makhleb the Destroyer
  7052 | D:6      | Reached XP level 8. HP: 55/60 MP: 0/0
  7358 | D:6      | Reached skill level 6 in Fighting
  9688 | D:8      | Reached skill level 7 in Fighting
  9690 | D:8      | Reached XP level 9. HP: 54/68 MP: 0/0
  9690 | D:8      | Learned a level 4 spell: Passage of Golubria
  9830 | D:8      | Reached skill level 8 in Fighting
  9987 | D:8      | Reached * piety under Makhleb
 10221 | D:8      | Identified the +5 plate armour "Eri Voyt" {Fly Str+7 Int+4}
 11204 | D:9      | Noticed a troll
 11212 | D:9      | Killed a troll
 11213 | D:9      | Reached skill level 9 in Fighting
 11575 | D:9      | Reached XP level 10. HP: 65/78 MP: 0/0
 11999 | D:9      | Reached ** piety under Makhleb
 12236 | D:9      | Found a stormy altar of Qazlal.
 12920 | D:10     | Entered Level 10 of the Dungeon
 13011 | D:10     | Found a transporter.
 13167 | D:10     | Noticed a two-headed ogre
 13177 | D:10     | Killed a two-headed ogre
 13178 | D:10     | Reached skill level 10 in Fighting
 13280 | D:10     | Found a transporter.
 13286 | D:10     | Found a transporter.
 13297 | D:10     | Found Mary's One-of-a-Kind Rings.
 13301 | D:10     | Upgraded the game from 0.30-a0-154-gb106f4c828 to
                  | 0.30-a0-162-g2ba88f6271
 13325 | D:10     | Noticed a komodo dragon
 13365 | D:10     | Noticed a kobold demonologist
 13369 | D:10     | Noticed an orange demon
 13369 | D:10     | Noticed a rust devil
 13541 | D:10     | Killed a komodo dragon
 13541 | D:10     | Killed a kobold demonologist
 13542 | D:10     | Reached skill level 11 in Fighting
 13583 | D:10     | Reached XP level 11. HP: 59/87 MP: 0/0
 13583 | D:10     | Learned a level 4 spell: Animate Armour
 14260 | D:10     | Found a transporter.
 14415 | D:11     | Noticed Urug
 14422 | D:11     | Killed Urug
 14631 | D:11     | Noticed a two-headed ogre
 14643 | D:11     | Killed a two-headed ogre
 15008 | D:11     | Found a staircase to the Lair.
 15054 | D:11     | Found a staircase to the Orcish Mines.
 15064 | D:11     | Reached skill level 12 in Fighting
 15070 | D:11     | Reached skill level 10 in Spellcasting
 15435 | D:11     | Found a glowing golden altar of the Shining One.
 15475 | D:11     | Reached *** piety under Makhleb
 15477 | D:11     | Noticed a two-headed ogre
 15487 | D:11     | Killed a two-headed ogre
 15610 | D:11     | Noticed a manticore
 15623 | D:11     | Killed a manticore
 15891 | D:11     | Noticed a cyclops
 15898 | D:11     | Killed a cyclops
 16211 | D:11     | Noticed a boulder beetle
 16263 | D:11     | Noticed a manticore
 16272 | D:11     | Killed a manticore
 16363 | D:11     | Reached XP level 12. HP: 65/96 MP: 0/0
 16492 | D:11     | Noticed a boulder beetle
 16530 | D:11     | Killed a boulder beetle
 16531 | D:11     | Reached skill level 13 in Fighting
 17301 | D:11     | Noticed a boulder beetle
 17617 | Lair:1   | Entered Level 1 of the Lair of Beasts
 18112 | Lair:1   | Reached skill level 14 in Fighting
 18550 | Lair:1   | Reached **** piety under Makhleb
 19443 | Lair:2   | Noticed Maggie
 19459 | Lair:2   | Killed Maggie
 19460 | Lair:2   | Reached XP level 13. HP: 28/106 MP: 0/0
 19460 | Lair:2   | Learned a level 5 spell: Lee's Rapid Deconstruction
 19763 | Lair:2   | Identified a scroll of acquirement
 19763 | Lair:2   | Acquired a manual of Armour
 19790 | Lair:2   | Found a staircase to the Snake Pit.
 19802 | Lair:2   | Reached skill level 1 in Armour
 20597 | Lair:2   | Noticed a five-headed hydra
 20602 | Lair:2   | Killed a five-headed hydra
 21108 | Lair:2   | Found a staircase to the Swamp.
 21818 | Lair:3   | Noticed an eight-headed hydra
 21822 | Lair:3   | Killed an eight-headed hydra
 21823 | Lair:3   | Reached skill level 5 in Armour
 21930 | Lair:3   | Reached skill level 15 in Fighting
 22541 | Lair:4   | Reached XP level 14. HP: 114/114 MP: 0/0
 22692 | Lair:4   | Reached skill level 5 in Dodging
 22931 | Lair:4   | You are sucked into a shaft and drop 1 floor!
 22931 | Lair:5   | Entered Level 5 of the Lair of Beasts
 23222 | Lair:5   | Reached ***** piety under Makhleb
 23328 | Lair:5   | Noticed Sonja
 23332 | Lair:5   | Killed Sonja
 23602 | Lair:5   | Reached XP level 15. HP: 104/120 MP: 0/0
 23602 | Lair:5   | Learned a level 6 spell: Conjure Ball Lightning
 24571 | Lair:5   | Found a runed translucent door.
 26138 | Lair:4   | Found a viscous altar of Jiyva.
 26138 | Lair:4   | Found a staircase to the Slime Pits.
 27218 | Swamp:1  | Entered Level 1 of the Swamp
 27947 | Orc:1    | Entered Level 1 of the Orcish Mines
 27956 | Orc:1    | Noticed Maurice
 27960 | Orc:1    | Killed Maurice
 27963 | Orc:1    | Reached skill level 16 in Fighting
 28165 | Orc:2    | Entered Level 2 of the Orcish Mines
 28165 | Orc:2    | Found a staircase to the Elven Halls.
 28172 | Orc:2    | Noticed an orc warlord
 28180 | Orc:2    | Reached skill level 10 in Armour
 28188 | Orc:2    | Killed an orc warlord
 28426 | Orc:2    | Reached ****** piety under Makhleb
 28756 | Orc:2    | Paralysed by an orc sorcerer for 3 turns
 28864 | Orc:2    | Paralysed by an orc sorcerer for 3 turns
 29111 | Orc:2    | Found Ges Neoth's Jewellery Shoppe.
 29151 | Orc:2    | Found Oschaupt's Antique Weapon Shoppe.
 29401 | Orc:2    | Noticed Nergalle
 29409 | Orc:2    | Killed Nergalle
 29410 | Orc:2    | Reached XP level 16. HP: 114/128 MP: 0/0
 29540 | Orc:2    | Found Pifat's Book Shoppe.
 29612 | Orc:2    | Found Vyaliat's Magic Scroll Emporium.
 29764 | Orc:2    | Found Yxisekat's Jewellery Shop.
 30449 | D:11     | Identified the +2 robe of Hycien {SInv}
 30587 | D:12     | Found a frozen archway.
 30596 | IceCv    | Entered an ice cave
 31844 | D:12     | Found a large runed translucent door.
 31844 | D:12     | Found a large runed translucent door.
 31856 | D:12     | Identified the +6 quarterstaff of Exoneration {vamp, *Slow
                  | rN+ rCorr}
 33360 | D:13     | Reached skill level 10 in Dodging
 34223 | D:14     | Identified Roxanne's Quarto of the Figure
 34223 | D:14     | Noticed Roxanne
 34226 | D:14     | Reached skill level 17 in Fighting
 34227 | D:14     | Killed Roxanne
 34666 | D:14     | Reached XP level 17. HP: 136/136 MP: 0/0
 34666 | D:14     | Learned a level 7 spell: Orb of Destruction
 34950 | D:14     | Found a gate to the Vaults.
 35099 | D:15     | Entered Level 15 of the Dungeon
 35126 | D:15     | Reached skill level 15 in Spellcasting
 35834 | D:15     | Found a staircase to the Depths.
 37292 | Swamp:1  | Reached skill level 18 in Fighting
 40147 | Swamp:4  | Entered Level 4 of the Swamp
 40167 | Swamp:4  | Reached XP level 18. HP: 105/147 MP: 0/0
 40178 | Swamp:4  | Reached skill level 19 in Fighting
 40394 | Swamp:4  | Noticed the 27-headed Lernaean hydra
 40426 | Swamp:4  | Killed the 27-headed Lernaean hydra
 42565 | Swamp:4  | Got a decaying rune of Zot
 42599 | Swamp:4  | Found a runed translucent gate.
 42599 | Swamp:4  | Found a runed translucent gate.
 42600 | Swamp:4  | Found a runed translucent gate.
 42600 | Swamp:4  | Noticed Gydif's ghost (adept DsGl)
 42602 | Swamp:4  | Noticed Doegie's ghost (adept TrMo)
 42602 | Swamp:4  | Noticed Badeiliu's ghost (adept DrGl)
 42628 | Swamp:4  | Killed Gydif's ghost
 42642 | Swamp:4  | Killed Badeiliu's ghost
 42644 | Swamp:4  | HP: 4/149 [Doegie's ghost (46)]
 42646 | Swamp:4  | Mangled by Doegie's ghost

Illustrated notes

Levels and vault maps discovered:
D:1:      ncdulo_wetmaze, layout_rooms, nicolae_concentric_dashed_squares_wild,
          hangedman_abyss_or_decor_lesser_grid, bh_walls_and_bars
D:2:      layout_basic, chequers_ecumenical_altar_twisty,
          chequers_serial_rivers_small_3, grunt_ministairs_6
D:3:      layout_loops_ring, gammafunk_ghost_cemetery
D:4:      layout_basic, zin_academy, uniq_menkaure, uniq_robin
D:5:      layout_basic, yredelemnul_altar_generic, temple_doors_e
D:6:      layout_basic, corexii_leaking_fountain, serial_bayou_lagoon_a
D:7:      layout_loops_corners, mainiacjoe_overflow_alcove_1
D:8:      layout_basic
D:9:      layout_long_grid, nicolae_qazlal_eye_of_the_storm
D:10:     layout_basic, nicolae_shop_unique_rings,
          nicolae_transporter_intersection
D:11:     minmay_quarter_circles, layout_stronghold, david_lair_shrubbed,
          david_orc_3, serial_park_tiny_2, tso_oasis_becter, uniq_urug
D:12:     layout_cave_pools, serial_ice, serial_ice_m, serial_ice_a,
          serial_ice_g, serial_ice_d, portal_ice_cave_entry_pillars_1,
          lightli_elemental_guards
D:13:     layout_cave_pools, minmay_misc_feat_columns,
          minmay_fractal_squares_gapless_7
D:14:     layout_cave_pools, david_vaults_2, serial_column_ruins,
          column_ruins_open_tiny, column_ruins_columns_corner,
          column_ruins_grid_4, column_ruins_grid_1,
          column_ruins_columns_straight, column_ruins_grid_4, roderic_lattice_a,
          uniq_roxanne
D:15:     grunt_enter_depths_snipers, layout_rooms
Temple:   mainiacjoe_temple_bowtie_tessellation
Lair:1:   layout_cave_pods, lemuel_oklob_altar, grunt_megastairs_2
Lair:2:   layout_regular_city, minmay_swamp_entry_reptiles,
          minmay_snake_entry_six_corridors, uniq_maggie
Lair:3:   layout_regular_city
Lair:4:   layout_loops_ring, minmay_slime_entry_oklob_enclosed
Lair:5:   hangedman_lair_tendril_chambers, layout_layer_cave, wormcave,
          minmay_lair_oklob_bushes, uniq_sonja
Swamp:1:  layout_falls_marsh, nicolae_swamp_fairy_circle
Swamp:2:  layout_basic_swamp, hangedman_swamp_cone, nicolae_swamp_small_spring
Swamp:3:  layout_falls_marsh, evilmike_swamp_ruin_rubble_1
Swamp:4:  swamp_alternative, layout_basic_swamp, gammafunk_ghost_cemetery,
          worms_lemuel
Orc:1:    layout_caves, uniq_maurice
Orc:2:    kennysheep_orc_mage_school, layout_caves, serial_shops, shop,
          basic_altar

Skill      XL: |  1  2  3  4  5  6  7  8  9 10 11 12 13 14 15 16 17 18 |
---------------+-------------------------------------------------------+-----
Fighting       | 1 2 3 4 5 7 9 11 12 14 15 16 17 18 19 | 19.9
Spellcasting   | 4 5 6 7 9 10 11 13 14 16 | 16.8
Armour         | 5 7 10 12 | 12.5
Dodging        | 4 6 8 10 | 10.0
Stealth        | 4 |  4.0

Action                   |  1- 3 |  4- 6 |  7- 9 | 10-12 | 13-15 | 16-18 || total
-------------------------+-------+-------+-------+-------+-------+-------++-------
Melee: Unarmed           |     3 |       |       |       |       |       ||     3
       Short sword       |       |    24 |    36 |    34 |     8 |       ||   102
       Staff             |       |       |       |       |     5 |    13 ||    18
 Cast: Magic Dart        |    69 |   123 |   182 |    87 |    34 |     4 ||   499
       Searing Ray       |       |     6 |     9 |     2 |     4 |     1 ||    22
       Summon Guardian G |       |       |     1 |     3 |       |       ||     4
       Iskenderun's Myst |       |       |    38 |   185 |   271 |   323 ||   817
       Fulminant Prism   |       |       |       |    30 |     3 |     2 ||    35
       Animate Armour    |       |       |       |     1 |       |       ||     1
       Lee's Rapid Decon |       |       |       |       |    46 |   130 ||   176
       Conjure Ball Ligh |       |       |       |       |    16 |     5 ||    21
       Blink             |       |       |       |       |       |     1 ||     1
       Orb of Destructio |       |       |       |       |       |    69 ||    69
  Use: Scroll            |       |       |     1 |     1 |    18 |     4 ||    24
       Potion            |       |       |       |       |     1 |     3 ||     4
 Stab: Sleeping          |       |       |     1 |       |       |       ||     1
Armor: Robe              |     4 |     9 |    32 |    28 |    11 |    25 ||   109
Dodge: Dodged            |    13 |    31 |    71 |    80 |    38 |   101 ||   334
Block: Buckler           |       |       |       |       |     3 |    17 ||    20

Table legend: (Time is in decaauts)
 A = Elapsed time spent in this place.
 B = Non-inter-level travel time spent in this place.
 C = Inter-level travel time spent in this place.
 D = Time resting spent in this place.
 E = Time spent auto-exploring this place.
 F = Levels seen in this place.
 G = Mean time per level.
                   A        B        C        D        E       F      G
               +--------+--------+--------+--------+--------+-----+--------+
         Total |  42689 |  41375 |   1314 |   5036 |  31908 |  28 | 1524.6 |
       Dungeon |  22899 |  22105 |    794 |   1606 |  18224 |  15 | 1526.6 |
        Temple |     92 |     65 |     27 |      0 |     59 |   1 |   92.0 |
          Lair |  10367 |  10084 |    283 |   1135 |   8005 |   5 | 2073.4 |
         Swamp |   5729 |   5636 |     93 |   1821 |   3076 |   4 | 1432.2 |
  Orcish Mines |   2397 |   2281 |    116 |    474 |   1450 |   2 | 1198.5 |
      Ice Cave |   1202 |   1202 |      0 |      0 |   1094 |   1 | 1202.0 |
               +--------+--------+--------+--------+--------+-----+--------+

Top non-repeatable levels by time:
    D:11: 3596 daAuts
  Lair:5: 2900 daAuts
  Lair:1: 2291 daAuts
  Lair:2: 2141 daAuts
 Swamp:3: 2037 daAuts
 Swamp:2: 1902 daAuts
     D:4: 1825 daAuts
  Lair:4: 1777 daAuts
     D:8: 1768 daAuts
     D:9: 1697 daAuts
    D:10: 1520 daAuts
     D:6: 1510 daAuts
     D:1: 1495 daAuts
     D:3: 1402 daAuts
    D:13: 1369 daAuts
